 Dungeon Crawl Stone Soup version 0.27.1 (webtiles) character file.

Game seed: 16140360304957187098

6360 Kniotic the Fighter (level 10, -17/89 HPs)
             Began as a Demonspawn Monk on Aug 26, 2021.
             Was an Elder of Cheibriados.
             Shot with an arrow by a deep elf archer (20 damage)
             ... on level 9 of the Dungeon.
             The game lasted 00:24:38 (12874 turns).

Kniotic the Fighter (Demonspawn Monk)              Turns: 12874, Time: 00:24:39

Health: -17/89     AC:  9    Str: 22    XL:     10   Next: 65%
Magic:  0/10       EV: 24    Int: 20    God:    Cheibriados [****..]
Gold:   309        SH:  0    Dex: 27    Spells: 9/9 levels left

rFire    . . .     SeeInvis +     - Unarmed
rCold    . . .     Faith    .   (no shield)
rNeg     . . .     Spirit   +   a - +0 robe
rPois    .         Reflect  .   v - +0 mask of the Dragon {Will+ Slay+3 SInv}
rElec    .         Harm     .   m - +0 cloak
rCorr    .         Rampage  .   o - +0 pair of gloves
Will     +....                  w - +2 pair of boots {Stlth+}
Stlth    +++.......             (no amulet)
HPRegen  0.24/turn              g - +4 ring of evasion
MPRegen  0.24/turn              i - ring of flight

@: silenced, flying, very slow
A: claws 1, foul stench 1, magic shield, magic regeneration, sharp scales 2
a: Renounce Religion


You were on level 9 of the Dungeon.
You worshipped Cheibriados.
Cheibriados was greatly pleased with you.
You visited 2 branches of the dungeon, and saw 10 of its levels.

You collected 354 gold pieces.
You spent 45 gold pieces at shops.

Inventory:

Armour
 a - a +0 robe (worn)
 m - a +0 cloak (worn)
 o - a +0 pair of gloves (worn)
 v - the +0 mask of the Dragon (worn) {Will+ Slay+3 SInv}
   (You found it on level 6 of the Dungeon)

   Slay:      It affects your accuracy & damage with ranged weapons and melee
   (+3).
   SInv:      It lets you see invisible.
   Will:      It increases your willpower.
 w - a +2 pair of boots of stealth (worn)
Jewellery
 g - a +4 ring of evasion (left hand)
 i - a ring of flight (right hand)
 l - an amulet of faith
 p - a ring of protection from cold
Wands
 s - a wand of flame (26)
 D - a wand of paralysis (6)
Scrolls
 f - a scroll of fear {unknown}
 k - a scroll of silence
 n - a scroll of amnesia {unknown}
 u - a scroll of noise
 x - a scroll of acquirement {unknown}
 y - a scroll of magic mapping
 A - a scroll of fog {unknown}
 B - 3 scrolls of identify
Potions
 d - 2 potions of brilliance
 e - 3 potions of flight
 h - a potion of mutation {unknown}
 j - a potion of resistance
 q - 2 potions of might
 r - a potion of cancellation {unknown}
 z - a potion of lignification {unknown}
 C - a potion of degeneration {unknown}
Miscellaneous
 b - a condenser vane


   Skills:
 - Level 11.8 Fighting
 + Level 8.3 Dodging
 - Level 1.7 Stealth
 + Level 7.4 Unarmed Combat


You had 9 spell levels left.
You didn't know any spells.
Your spell library contained the following spells:

 Spells                   Type           Power      Damage    Failure   Level
 Animate Skeleton         Necr           0%         N/A       19%         1
 Pain                     Necr           0%         1d4       19%         1
 Dazzling Flash           Conj/Hex       0%         N/A       50%         3
 Vampiric Draining        Necr           0%         2d6       50%         3
 Agony                    Necr           0%         N/A       99%         5
 Alistair's Intoxication  Tmut/Pois      0%         N/A       99%         5
 Borgnjor's Vile Clutch   Necr/Erth      0%         N/A       99%         5
 Silence                  Hex/Air        0%         N/A       99%         5
 Eringya's Noxious Bog    Tmut/Pois      0%         N/A       100%        6


Dungeon Overview and Level Annotations

Branches:
Dungeon (9/15)             Temple (1/1) D:5
   Lair: D:8-11         Orc: D:9-12

Altars:
Ashenzari
Cheibriados
Dithmenos
Elyvilon
Fedhas
Gozag
Hepliaklqana
Makhleb
Nemelex Xobeh
Okawaru
Qazlal
Ru
Sif Muna
Trog
Uskayaw
Vehumet
Wu Jian
Xom
Yredelemnul
Zin
The Shining One

Shops:
D:6 *   D:7 ?

Annotations:
D:9 exclusion: meliai


Innate Abilities, Weirdness & Mutations

You have sharp fingernails.
You may rarely emit foul miasma when damaged in melee.
When hurt, damage is shared between your health and your magic reserves.
You regenerate magic rapidly.
You are mostly covered in razor-sharp scales. (AC +2, Slay +2)


Message History

You hit the deep elf archer.
The deep elf archer is heavily wounded.
The deep elf archer hits you with a +0 dagger!
* * * LOW HITPOINT WARNING * * *
You miss the deep elf archer.
The deep elf archer is heavily wounded.
The deep elf archer points at you and mumbles some strange words.
You resist with almost no effort.
You punch the deep elf archer!
The deep elf archer is heavily wounded.
The deep elf archer misses you.
You hit the deep elf archer.
The deep elf archer is heavily wounded.
You hit the deep elf archer.
The deep elf archer is severely wounded.
The deep elf archer hits you with a +0 dagger!
* * * LOW HITPOINT WARNING * * *
You barely miss the deep elf archer.
The deep elf archer is severely wounded.
The deep elf archer blinks!
As you read the scroll labelled KORIV PUIJIDOAP, it crumbles to dust.
You hear a loud clanging noise!
It was a scroll of noise.
You hear a shout!
You feel better.
The deep elf archer gestures at you while chanting.
You resist with almost no effort.
There is an open door, spattered with blood here.
Items here: )) [[ รท.
The deep elf archer unwields a +0 dagger.
The deep elf archer wields a +0 longbow.
The deep elf archer shoots an arrow.
The arrow hits you!!
* * * LOW HITPOINT WARNING * * *
The deep elf archer shoots an arrow.
The arrow completely misses you.
Okay, then.
Okay, then.
As you read the scroll labelled ZUWEHA KUUROPN, it crumbles to dust.
A profound silence engulfs you.
It was a scroll of silence.
The deep elf archer shoots an arrow.
The arrow hits you!!
You die...

................
#'#####......... .......
......#......... .......
......#.......... .......
......#.......... .......
#######.......... .......
...............########..(...#
..............e#......#......#
.>#####........#@..)).+......#
#.# #........#...)..#......# #
#........)).....#......#
#.......e########..W...##
#.......)................
#......))................
#........................ #
#........................
.#####.....####.....[.o..o....


You could see a deep elf archer (repels missiles).

Vanquished Creatures
  A two-headed ogre (D:9)
  Pikel (D:8)
  A freezing wraith (D:9)
  Grinder (D:5)
  A troll (D:9)
  5 yaks (D:7)
  A steam dragon (D:8)
  4 vampire mosquitoes (D:9)
  A water moccasin (D:8)
  An acid dragon (D:8)
  3 orc warriors
  A black bear (D:6)
  A sky beast (D:6)
  3 ice beasts (D:8)
  2 centaurs (D:9)
  2 ogres (D:5)
  2 phantoms
  2 lemures (D:8)
  A kobold brigand (D:4)
  A bullfrog (D:6)
  A water moccasin zombie (D:5)
  A wyvern zombie (D:6)
  A scorpion (D:6)
  3 wights (D:8)
  6 killer bees (D:8)
  6 howler monkeys
  A centaur zombie (D:9)
  3 jellies
  A gnoll shaman (D:9)
  4 hounds
  3 orc priests
  Natasha (thrice) (D:3)
  2 bullfrog skeletons
  2 iguanas (D:5)
  6 orc wizards
  A hound zombie (D:5)
  7 adders
  3 shadow imps
  A white imp (D:7)
  2 ufetubi
  2 adder skeletons
  A dart slug (D:1)
  16 orcs
  6 bats
  7 endoplasms
  3 giant cockroaches
  11 goblins
  6 hobgoblins
  9 jackals
  11 kobolds
  2 quokkas (D:1)
  12 ball pythons
  A frilled lizard (D:1)
  7 rats
186 creatures vanquished.

Vanquished Creatures (others)
  8 plants
8 creatures vanquished.

Grand Total: 194 creatures vanquished

Notes
Turn   | Place    | Note
-------+----------+-------------------------------------------
     0 | D:1      | Kniotic the Demonspawn Monk began the quest for the Orb.
     0 | D:1      | Reached XP level 1. HP: 18/18 MP: 1/1
   187 | D:1      | Found a faded altar of an unknown god.
   429 | D:1      | Gained mutation: You regenerate magic rapidly. [demonic
                  | ancestry]
   429 | D:1      | Reached XP level 2. HP: 20/24 MP: 2/2
   907 | D:1      | Gained mutation: When hurt, damage is shared between your
                  | health and your magic reserves. [demonic ancestry]
   907 | D:1      | Reached XP level 3. HP: 4/29 MP: 3/3
  2160 | D:2      | Gained mutation: You may rarely emit foul miasma when
                  | damaged in melee. [demonic ancestry]
  2160 | D:2      | Reached XP level 4. HP: 20/35 MP: 1/4
  2697 | D:2      | Noticed an ogre
  3193 | D:3      | Noticed Natasha
  3518 | D:3      | Killed Natasha
  3519 | D:3      | Reached skill level 5 in Unarmed Combat
  3595 | D:3      | Noticed Natasha
  3607 | D:3      | Reached XP level 5. HP: 41/41 MP: 5/5
  3794 | D:3      | Killed Natasha
  3881 | D:3      | Noticed Natasha
  3894 | D:3      | Killed Natasha
  4184 | D:4      | You fall into a shaft and drop 1 floor!
  4184 | D:5      | Entered Level 5 of the Dungeon
  4383 | D:5      | Noticed an ogre
  4399 | D:5      | Gained mutation: You are partially covered in razor-sharp
                  | scales. (AC +1, Slay +1) [demonic ancestry]
  4399 | D:5      | Reached XP level 6. HP: 32/47 MP: 6/6
  5892 | D:5      | Noticed Grinder
  5900 | D:5      | Paralysed by Grinder for 6 turns
  5912 | D:5      | Paralysed by Grinder for 4 turns
  5919 | D:5      | Killed Grinder
  5920 | D:5      | Reached skill level 5 in Dodging
  5920 | D:5      | Reached XP level 7. HP: 17/52 MP: 2/7
  6295 | D:5      | Found a staircase to the Ecumenical Temple.
  6718 | Temple   | Entered the Ecumenical Temple
  7050 | Temple   | Became a worshipper of Cheibriados the Contemplative
  7050 | Temple   | Reached * piety under Cheibriados
  7050 | Temple   | Reached ** piety under Cheibriados
  7097 | D:5      | Reached XP level 8. HP: 58/58 MP: 8/8
  7165 | D:5      | Found a broken altar of Ashenzari.
  7169 | D:5      | Found a sacrificial altar of Ru.
  7199 | D:5      | Found a shimmering blue altar of Sif Muna.
  7295 | D:5      | Found a basalt altar of Yredelemnul.
  7297 | D:5      | Found a sparkling altar of Nemelex Xobeh.
  7485 | D:5      | Found a hide-covered altar of Uskayaw.
  7592 | D:6      | Found the +0 mask of the Dragon {Will+ Slay+3 SInv}
  7604 | D:6      | Reached skill level 4 in Fighting
  7834 | D:6      | Found Fecopnu's Gadget Gallery.
  7854 | D:6      | Reached skill level 5 in Fighting
  8287 | D:6      | Reached skill level 6 in Fighting
  8587 | D:7      | Found Kusoq's Magic Scroll Shoppe.
  8593 | D:7      | Bought a scroll of teleportation for 45 gold pieces
  8665 | D:7      | Reached skill level 7 in Fighting
 10095 | D:8      | Reached *** piety under Cheibriados
 10096 | D:8      | Gained mutation: You have sharp fingernails. [demonic
                  | ancestry]
 10096 | D:8      | Reached XP level 9. HP: 70/73 MP: 9/9
 10099 | D:8      | Reached skill level 8 in Fighting
 10146 | D:8      | Reached skill level 9 in Fighting
 10732 | D:7      | Reached skill level 10 in Fighting
 11108 | D:8      | Reached skill level 11 in Fighting
 11386 | D:8      | Noticed Pikel
 11395 | D:8      | Killed Pikel
 11396 | D:8      | Gained mutation: You are mostly covered in razor-sharp
                  | scales. (AC +2, Slay +2) [demonic ancestry]
 11396 | D:8      | Reached XP level 10. HP: 81/88 MP: 10/10
 11675 | D:9      | Reached **** piety under Cheibriados
 11813 | D:9      | Noticed a deep elf archer
 11826 | D:9      | Noticed a deep elf archer
 11830 | D:9      | Noticed a cyclops
 12132 | D:9      | Noticed a two-headed ogre
 12157 | D:9      | Killed a two-headed ogre
 12872 | D:9      | HP: 3/89 [deep elf archer/arrow (14)]
 12874 | D:9      | Shot with an arrow by a deep elf archer

Illustrated notes

Levels and vault maps discovered:
D:1:      minmay_arrival_wavy_path, layout_basic, basic_ecumenical_altar
D:2:      layout_loops_ring
D:3:      layout_loops_ring, uniq_natasha
D:4:      layout_layer_cave, good_gods_temple_1
D:5:      layout_basic, minmay_overflow_temple_star_quad,
          grunt_temple_overflow_open, mainiacjoe_overflow_alcove_4,
          temple_doors_cd, uniq_grinder
D:6:      layout_loops_cross, nicolae_shop_gadgets
D:7:      layout_loops_corners, serial_co_window_serial, co_window_corner_a,
          co_window_of_opportunity_a, co_window_of_opportunity_a,
          co_window_of_opportunity_a, co_window_paths_b, co_window_corner_a,
          co_window_broadway_b, co_window_corner_b, co_window_unsneaky_path_a,
          co_window_4corner_a, co_window_4corner_b, glass_columns_a,
          glass_columns_a, glass_columns_a, glass_columns_a, serial_shops,
          nicolae_shop_waterfront, serial_bayou_pond_a
D:8:      layout_basic, uniq_pikel
D:9:      minmay_chopped_fan, layout_irregular_city, kennysheep_mini_moat
Temple:   hc_temple_tempest_star

Skill      XL: |  1  2  3  4  5  6  7  8  9 10 |
---------------+-------------------------------+-----
Unarmed Combat | 3 4 5 6 7 |  7.4
Dodging        | 3 5 7 8 |  8.3
Fighting       | 7 11 | 11.8
Stealth        | |  1.7

Action                   |  1- 3 |  4- 6 |  7- 9 | 10-12 || total
-------------------------+-------+-------+-------+-------++-------
Melee: Unarmed           |   134 |   233 |   340 |   131 ||   838
       Punch             |     4 |    10 |    16 |     7 ||    37
  Use: Scroll            |       |     2 |     6 |     4 ||    12
       Potion            |       |     2 |     5 |     5 ||    12
 Stab: Sleeping          |     2 |     3 |     6 |     1 ||    12
       Distracted        |       |     2 |     2 |     1 ||     5
Armor: Robe              |    25 |    33 |    51 |    29 ||   138
       Skin              |       |     4 |       |       ||     4
Dodge: Dodged            |    83 |   111 |   337 |   223 ||   754
